 Dungeon Crawl Stone Soup version 0.29.0-4-gdea44cf6ec (webtiles) character file.

Game seed: 10068843831622564092

77 qw the Chopper (level 4, -2/26 HPs)
             Began as a Tengu Warper on Aug 28, 2022.
             Slain by an orc wizard
             ... wielding a +0 dagger
              (3 damage)
             ... on level 3 of the Dungeon.
             The game lasted 00:00:10 (1312 turns).

qw the Chopper (Tengu Warper)                       Turns: 1312, Time: 00:00:11

Health: -2/26      AC:  5    Str: 16 (19) XL:     4   Next: 33%
Magic:  8/8        EV: 11    Int: 13 (14) God:
Gold:   85         SH:  0    Dex: 12 (13) Spells: 7/7 levels left

rFire   . . .      SeeInvis .   Y - +0 hand axe
rCold   . . .      Faith    .   (no shield)
rNeg    . . .      Spirit   .   j - +0 ring mail
rPois   .          Reflect  .   (helmet restricted)
rElec   .          Harm     .   i - scarf {repulsion}
rCorr   .          Rampage  .   (no gloves)
Will    .....                   (boots unavailable)
Stlth   +.........              (no amulet)
HPRegen 0.08/turn               f - +6 ring of strength
MPRegen 0.11/turn               (no ring)

@: repel missiles
A: beak, talons 3
a: no special abilities


You were on level 3 of the Dungeon.
You visited 1 branch of the dungeon, and saw 3 of its levels.

You collected 85 gold pieces.


Innate Abilities, Weirdness & Mutations

You have a beak for a mouth.
You have claws for feet.


   Skills:
 - Level 2.0 Fighting
 + Level 4.9 Axes
 - Level 1.0 Throwing
 - Level 1.1 Armour
 - Level 2.1 Dodging
 - Level 2.0 Spellcasting
 - Level 2.4 Translocations


You had 7 spell levels left.
You didn't know any spells.
Your spell library contained the following spells:

 Spells                   Type           Power      Damage    Failure   Level
 Blink                    Tloc           14%        N/A       28%         2
 Gell's Gravitas          Tloc           7%         N/A       50%         3
 Lesser Beckoning         Tloc           7%         N/A       50%         3
 Teleport Other           Tloc           7%         N/A       50%         3
 Manifold Assault         Tloc           7%         N/A       99%         5

Inventory:

Hand Weapons
 b - a +0 whip
 Y - a +0 hand axe (weapon)
Armour
 i - a scarf of repulsion (worn)
 j - a +0 ring mail (worn)
Jewellery
 f - a +6 ring of strength (left hand)
Potions
 d - a potion of ambrosia {unknown}
 e - a potion of mutation {unknown}
 g - a potion of berserk rage {unknown}

Dungeon Overview and Level Annotations

Branches:
Dungeon (3/15)

Altars:
Trog


Message History

You kill the orc!
You barely miss the orc. The orc hits you with a +0 whip.
You closely miss the orc. You barely miss the orc. The orc barely misses you.
The orc closely misses you.
You hit the orc. You claw the orc. You peck the orc.
You kill the orc!
You closely miss the orc. The orc closely misses you.
You slash the orc!
You kill the orc!
You hit something but do no damage. Something hits you but does no damage.
You hit something but do no damage. Something hits you but does no damage.
You hit something but do no damage. Something hits you but does no damage.
You hit something but do no damage. Something hits you.
You hit something.
You hear some strange, mumbled words.
Something tries to affect you, but you resist.
You barely miss something. Your kick misses something.
Your peck misses something.
You hear some strange, mumbled words.
A magic dart appears from out of thin air!
The magic dart hits you.
You hear some strange, mumbled words.
Something tries to affect you, but you resist.
You slash something! Your kick misses something. Something hits you.
You closely miss something. Something hits you.
You miss something. Your kick misses something.
You hear some strange, mumbled words.
A magic dart appears from out of thin air!
The magic dart hits you!
You completely miss something. Your kick misses something. Something hits you.
You die...

#.# ##.#
#.%###########
###..%.........#
#....#########.######
####.# #...........
#.# #.###.###### #.#
#.....# #@# #######
?.....{)# ........#
........# ........#
>..?....# .......##
.......


There were no monsters in sight!

Vanquished Creatures
  2 adders
  4 orcs (D:3)
  8 ball pythons
  8 endoplasms
  2 giant cockroaches
  7 goblins
  4 hobgoblins
  3 kobolds
  A quokka (D:2)
  4 bats
  2 frilled lizards
  4 rats
49 creatures vanquished.

Notes
Turn   | Place    | Note
-------+----------+-------------------------------------------
     0 | D:1      | qw the Tengu Warper began the quest for the Orb.
     0 | D:1      | Reached XP level 1. HP: 12/12 MP: 4/4
     0 | D:1      | 0 ||| qw: Version: 0.1-a-89-g26bdef1
     0 | D:1      | 0 ||| qw: Game counter: 385
     0 | D:1      | 0 ||| qw: Always use a shield: true
     0 | D:1      | 0 ||| qw: God list: Okawaru
     0 | D:1      | 0 ||| qw: Allow faded altars: false
     0 | D:1      | 0 ||| qw: Do Orc after D:15 true
     0 | D:1      | 0 ||| qw: Do second Lair branch before Depths: true
     0 | D:1      | 0 ||| qw: Lair rune preference: random
     0 | D:1      | 0 ||| qw: Plans: Normal
     0 | D:1      | 0 ||| PLANNING D:1-11
    52 | D:1      | Reached XP level 2. HP: 17/17 MP: 6/6
    80 | D:1      | Reached skill level 3 in Axes
    93 | D:1      | You fall into a shaft and drop 1 floor!
   283 | D:2      | 283 ||| Stepping ~*~*~tactically~*~*~ (stealth).
   285 | D:2      | 285 ||| Stepping ~*~*~tactically~*~*~ (stealth).
   290 | D:2      | 290 ||| Stepping ~*~*~tactically~*~*~ (stealth).
   291 | D:2      | 291 ||| Stepping ~*~*~tactically~*~*~ (stealth).
   349 | D:2      | 349 ||| Stepping ~*~*~tactically~*~*~ (stealth).
   350 | D:2      | 350 ||| Stepping ~*~*~tactically~*~*~ (stealth).
   370 | D:2      | 370 ||| Stepping ~*~*~tactically~*~*~ (stealth).
   509 | D:2      | Reached XP level 3. HP: 21/21 MP: 7/7
   514 | D:2      | 514 ||| UPGRADING to scarf of repulsion.
   519 | D:2      | 519 ||| UPGRADING to +0 ring mail.
   529 | D:2      | 529 ||| DROPPING +0 leather armour.
   530 | D:2      | 530 ||| UPGRADING to +6 ring of strength.
   531 | D:2      | 531 ||| READING scroll labelled SUWELI SIROZ.
   532 | D:2      | 532 ||| DROPPING scroll of blinking.
   622 | D:1      | 622 ||| DROPPING +0 club.
   654 | D:1      | 654 ||| Stepping ~*~*~tactically~*~*~ (stealth).
   662 | D:1      | Reached skill level 4 in Axes
   708 | D:1      | 708 ||| Stepping ~*~*~tactically~*~*~ (stealth).
   709 | D:1      | 709 ||| Stepping ~*~*~tactically~*~*~ (stealth).
   710 | D:1      | 710 ||| Stepping ~*~*~tactically~*~*~ (stealth).
   895 | D:1      | 895 ||| READING scroll labelled EMPICY US MEPU.
   896 | D:1      | 896 ||| READING scroll labelled ODIOTAPEFO.
   901 | D:1      | 901 ||| DRINKING 2 bubbling yellow potions.
   902 | D:1      | 902 ||| DROPPING potion of degeneration.
  1077 | D:2      | Found a bloodstained altar of Trog.
  1227 | D:2      | 1227 ||| READING scroll labelled FIFIUR EBBAUM.
  1228 | D:2      | 1228 ||| READING scroll labelled TANUAZ SECOI.
  1260 | D:3      | Reached XP level 4. HP: 26/26 MP: 8/8
  1281 | D:3      | 1281 ||| Stepping ~*~*~tactically~*~*~ (stealth).
  1293 | D:3      | 1293 ||| Stepping ~*~*~tactically~*~*~ (stealth).
  1311 | D:3      | HP: 1/26 [something/magic dart (8)]
  1312 | D:3      | Slain by an orc wizard

Levels and vault maps discovered:
D:1:      matt_arrival_grand_opening, layout_basic
D:2:      layout_basic, basic_altar, minmay_nonomino_d4
D:3:      layout_basic, uniq_robin, uniq_crazy_yiuf_cottage, uniq_grinder

Skill      XL: |  1  2  3 |
---------------+----------+-----
Axes           | 3 4 |  4.9
Fighting       | |  2.0
Throwing       | |  1.0
Armour         | |  1.1
Dodging        | |  2.1
Spellcasting   | |  2.0
Translocations | |  2.4

Action                   |  1- 3 |  4- 6 || total
-------------------------+-------+-------++-------
Melee: Hand axe          |    66 |    16 ||    82
       Kick              |    12 |     2 ||    14
       Peck              |     3 |     4 ||     7
Throw: Boomerang         |     7 |       ||     7
  Use: Scroll            |     5 |       ||     5
       Potion            |     1 |       ||     1
Armor: Leather armour    |     4 |       ||     4
       Ring mail         |     8 |     4 ||    12
Dodge: Dodged            |    26 |     6 ||    32

Table legend:
 A = Non-vault XP
 B = Vault XP
 C = Vault XP percentage of total XP
 D = Non-vault monster count
 E = Vault monster count
 F = Vault count percentage of total count
                 A         B        C        D         E       F
            +---------+---------+-------+---------+---------+-------
      Total |     103 |       7 |   6.4 |      44 |       5 |  10.2
            +---------+---------+-------+---------+---------+-------
        D:1 |      37 |       0 |   0.0 |      22 |       0 |   0.0
        D:2 |      36 |       7 |  16.3 |      14 |       5 |  26.3
        D:3 |      30 |       0 |   0.0 |       8 |       0 |   0.0
            +---------+---------+-------+---------+---------+-------
